 Dungeon Crawl Stone Soup version 0.25.0-46-gbd7b0854d2 (webtiles) character file.

Game seed: 14686981651558241865

17 Delamore the Skirmisher (level 2, -2/30 HPs)
             Began as a Gargoyle Fighter on July 13, 2020.
             Slain by a hobgoblin
             ... wielding a +0 club
             ... led by Robin
              (4 damage)
             ... on level 2 of the Dungeon.
             The game lasted 00:00:37 (951 turns).

Delamore the Skirmisher (Gargoyle Fighter)           Turns: 951, Time: 00:00:38

Health: -2/30      AC: 21    Str: 19    XL:     2   Next: 62%
Magic:  2/2        EV:  2    Int:  8    God:
Gold:   57         SH:  9    Dex:  9    Spells: 1/1 levels left

rFire    . . .     SeeInvis +   a - +0 flail
rCold    . . .     Gourm    .   c - +0 kite shield
rNeg     + + +     Faith    .   (armour currently unavailable)
rPois    ∞         Spirit   .   (helmet currently unavailable)
rElec    .         Reflect  .   (cloak currently unavailable)
rCorr    .         Harm     .   (gloves currently unavailable)
MR       .....     NoTele   +   (boots currently unavailable)
Stlth    +.........             (no amulet)
HPRegen  0.10/turn              e - ring of see invisible
MPRegen  0.08/turn              l - ring of positive energy

@: tree-form
A: negative energy resistance 1, petrification resistance, rot immunity, AC +2
a: no special abilities


You were on level 2 of the Dungeon.
You were not hungry.
You were a tree.
You visited 1 branch of the dungeon, and saw 2 of its levels.

You collected 57 gold pieces.

Inventory:

Hand Weapons
 a - a +0 flail (weapon)
Missiles
 n - a throwing net (quivered)
Armour
 b - a +0 scale mail (melded)
 c - a +0 kite shield (worn)
 j - a +0 pair of gloves (melded)
Jewellery
 e - a ring of see invisible (left branch)
 i - an uncursed ring of ice
 l - a ring of positive energy (right branch)
Scrolls
 g - a scroll of fear {unknown}
 o - a scroll of identify {unknown}
 p - a scroll of enchant armour {unknown}
Potions
 d - a potion of might
 h - a potion of heal wounds {unknown}
 k - a potion of lignification
 m - a potion of invisibility {unknown}
Comestibles
 f - 5 rations


   Skills:
 + Level 3.8 Fighting
 + Level 2.6 Maces & Flails
 - Level 3.2 Armour
 - Level 3.2 Shields


You had one spell level left.
You didn't know any spells.
Your spell library was empty.

Dungeon Overview and Level Annotations

Branches:
Dungeon (2/15)

Altars:

Annotations:
D:2 Robin


Innate Abilities, Weirdness & Mutations

You are resistant to torment.
((Your stone body is resilient. (AC +2)))
You are immune to poison.
You resist negative energy. (rN+)
((You are resistant to electric shocks. (rElec)))
((You can survive without breathing.))
You are immune to petrification.
You are immune to rotting.


Message History

You barely miss the goblin. The goblin hits you but does no damage.
You block the goblin's attack.
The goblin hits you but does no damage. x3
You block the goblin's attack.
The hobgoblin hits you but does no damage.
The goblin hits you but does no damage. The goblin barely misses you.
The goblin hits you but does no damage. You block the goblin's attack.
It was a potion of lignification.
You turn into a tree.
Your +0 pair of gloves melds into your body.
Your +0 scale mail melds into your body.
Your roots penetrate the ground.
The goblin no longer looks unusually strong.
The goblin hits you but does no damage. x2; The goblin barely misses you.
The goblin hits you but does no damage. You block the hobgoblin's attack.
The goblin hits you but does no damage. x2; You block the goblin's attack.
You hit the goblin.
You kill the goblin!
The goblin hits you but does no damage. x2; Robin throws the goblin at you!
The goblin hits you but does no damage. x2
The hobgoblin hits you with a +0 club.
You die...

..............
#.#.#..........#
...............#
#.#.#..........+
...............# .#
#..............+ .##
.[...$.........###..###
.....#ggg.............
.....rg♣g.##........#
.....gggg.##........# .
.......g..##........#...
.....##.................
##... #...........#....
.... ##....<.....+ ...
... #..........# ...
#....####### #....


You could see Robin, a hobgoblin (strong), 8 goblins and a rat.

Vanquished Creatures
  A dart slug (D:1)
  A bat (D:1)
  A giant cockroach (D:1)
  2 hobgoblins
  3 kobolds
  4 goblins
  A rat (D:1)
13 creatures vanquished.

Notes
Turn   | Place    | Note
-------+----------+-------------------------------------------
     0 | D:1      | Delamore the Gargoyle Fighter began the quest for the Orb.
     0 | D:1      | Reached XP level 1. HP: 14/14 MP: 1/1
   281 | D:1      | Reached XP level 2. HP: 19/19 MP: 2/2
   937 | D:2      | Noticed Robin
   948 | D:2      | HP: 1/20 [hobgoblin/+0 club[Robin] (3)]
   951 | D:2      | Slain by a hobgoblin

Illustrated notes

Levels and vault maps discovered:
D:1:      psy_arrival_wood_between_worlds, layout_basic, serial_glass,
          glass_columns_a, glass_columns_b
D:2:      layout_basic, serial_glass, glass_columns_a, glass_columns_a,
          glass_columns_c, glass_columns_c, glass_columns_b, glass_columns_a,
          glass_columns_a, glass_columns_b,
          chequers_ecumenical_altar_simple_redux, uniq_crazy_yiuf_cottage,
          uniq_sigmund, uniq_robin

Action                   || total
-------------------------++-------
Melee: Flail             ||    41
  Use: Potion            ||     1
Armor: Scale mail        ||    49
       Skin              ||    10
Dodge: Dodged            ||    27
Block: Kite shield       ||    44
